Map: Ulrena

Players

MCanning - Winner!

  • Race: Protoss Protoss
  • League: Grandmaster

avilo

  • Race: Zerg Zerg
  • League: Grandmaster

VOD

Have the link to the VOD?

Description

Time

  • Played on: Jan. 2, 2016, 11:13 p.m.
  • Length: 11:57
Show
View Real Time Build Order
Export as new Build Order

MCanning Protoss - Winner!

Build Orders: 1 Gate Expand 

Get SALT Encoding   

  12  0:00  Probe (Chrono Boost)  
  13  0:11  Probe (Chrono Boost)  
  14  0:19  Pylon  
  14  0:22  Probe (Chrono Boost)  
  15  0:38  Probe (Chrono Boost)  
  15  0:41  Gateway  
  16  0:48  Probe (Chrono Boost)  
  17  0:52  Assimilator  
  17  0:59  Probe (Chrono Boost)  
  18  1:09  Probe (Chrono Boost)  
  19  1:24  Nexus  
  19  1:28  Probe (Chrono Boost)  
  20  1:38  Probe (Chrono Boost)  
  21  1:46  Cybernetics Core  
  21  1:49  Probe (Chrono Boost)  
  22  1:57  Assimilator  
  22  1:59  Probe (Chrono Boost)  
  23  2:04  Pylon  
  23  2:22  Zealot  
  26  2:24  Mothership Core (Chrono Boost)  
  27  2:33  Warp Gate  
  28  2:37  Probe (Chrono Boost)  
  28  2:43  Probe (Chrono Boost)  
  29  2:48  Probe (Chrono Boost)  
  29  2:49  Stalker  
  32  2:53  Probe (Chrono Boost)  
  32  2:58  Probe (Chrono Boost)  
  34  3:04  Probe (Chrono Boost), Gateway  
  35  3:09  Probe (Chrono Boost)  
  36  3:14  Probe (Chrono Boost)  
  36  3:19  Sentry  
  39  3:20  Robotics Facility  
  39  3:22  Probe (Chrono Boost)  
  39  3:26  Probe (Chrono Boost)  
  41  3:32  Probe (Chrono Boost)  
  42  3:36  Probe (Chrono Boost)  
  43  3:43  Probe (Chrono Boost)  
  46  3:51  Probe (Chrono Boost)  
  45  3:56  Pylon  
  45  3:58  Pylon  
  45  4:03  Pylon  
  43  4:10  Assimilator  
  43  4:12  Assimilator  
  43  4:14  Probe  
  43  4:15  Immortal (Chrono Boost)  
  48  4:22  Gateway  
  48  4:23  Gateway  
  48  4:26  Gateway, Pylon  
  48  4:28  Probe  
  48  4:29  Probe  
  50  4:38  Probe  
  50  4:43  Robotics Bay  
  51  4:45  Sentry  
  51  4:52  Pylon  
  53  4:58  Probe  
  58  5:00  Probe, Pylon  
  59  5:10  Probe  
  59  5:14  Stargate x2  
  60  5:17  Stargate  
  56  5:23  Probe  
  56  5:24  Pylon  
  56  5:26  Pylon  
  57  5:28  Pylon  
  57  5:30  Stalker x2  
  61  5:37  Stalker  
  61  5:38  Stalker  
  65  5:45  Observer (Chrono Boost)  
  64  5:50  Stalker  
  66  5:58  Phoenix (Chrono Boost)  
  66  5:59  Phoenix (Chrono Boost)  
  66  6:02  Phoenix (Chrono Boost)  
  72  6:09  Zealot  
  72  6:10  Zealot x2  
  78  6:23  Pylon  
  78  6:24  Phoenix x2 (Chrono Boost)  
  82  6:29  Phoenix (Chrono Boost)  
  84  6:45  Fleet Beacon  
  84  6:48  Zealot x2  
  82  6:54  Zealot  
  82  6:58  Probe  
  87  7:02  Phoenix (Chrono Boost)  
  87  7:08  Pylon  
  87  7:09  Pylon  
  87  7:11  Phoenix (Chrono Boost)  
  89  7:18  Zealot  
  85  7:27  Anion Pulse-Crystals (Chrono Boost)  
  83  7:33  Phoenix (Chrono Boost)  
  83  7:37  Probe  
  86  7:39  Pylon  
  88  7:45  Phoenix (Chrono Boost)  
  88  7:50  Phoenix (Chrono Boost)  
  92  7:58  Phoenix (Chrono Boost)  
  92  8:00  Probe  
  93  8:05  Phoenix (Chrono Boost)  
  93  8:09  Probe  
  96  8:13  Phoenix (Chrono Boost)  
  96  8:15  Pylon  
  98  8:24  Phoenix  
  100  8:33  Zealot  
  100  8:34  Zealot x4  
  104  8:38  Phoenix (Chrono Boost)  
  104  8:40  Phoenix (Chrono Boost)  
  109  8:44  Probe  
  110  8:53  Probe, Pylon  
  111  8:56  Assimilator  
  111  8:57  Phoenix (Chrono Boost)  
  103  9:04  Protoss Air Weapons Level 1 (Chrono Boost)  
  102  9:11  Probe  
  102  9:15  Nexus  
  102  9:17  Phoenix  
  103  9:31  Phoenix (Chrono Boost)  
  99  9:45  Nexus  
  93  9:46  Pylon  
  93  9:47  Pylon  
  93  9:51  Phoenix (Chrono Boost)  
  95  10:02  Phoenix (Chrono Boost)  
  97  10:13  Phoenix (Chrono Boost)  
  99  10:48  Adept  
  99  10:49  Adept x3  
Show
View Real Time Build Order
Export as new Build Order

avilo Zerg 

Build Orders: Hatch First 

Get SALT Encoding   

  12  0:01  Drone  
  13  0:14  Overlord  
  13  0:19  Drone  
  14  0:32  Drone x2  
  16  0:36  Drone  
  17  0:48  Drone  
  18  1:01  Hatchery  
  17  1:12  Spawning Pool  
  17  1:14  Drone  
  17  1:16  Extractor  
  16  1:18  Drone  
  16  1:22  Drone  
  18  1:34  Overlord  
  18  1:44  Drone  
  19  1:54  Extractor  
  19  1:55  Drone  
  19  2:01  Queen  
  19  2:03  Drone  
  22  2:15  Queen  
  22  2:17  Drone x2  
  26  2:26  Drone x2  
  28  2:38  Lair  
  28  2:40  Drone x2  
  28  2:42  Extractor  
  29  2:44  Extractor  
  29  2:46  Zergling x2  
  29  2:50  Drone  
  30  2:55  Drone  
  30  2:57  Drone  
  32  3:09  Drone x4  
  36  3:15  Overlord  
  36  3:23  Overlord  
  36  3:38  Spire  
  36  3:41  Drone x2  
  36  4:08  Overlord x2  
  36  4:09  Drone x2  
  38  4:18  Spore Crawler  
  38  4:22  Overlord  
  37  4:44  Overseer  
  37  4:49  Mutalisk  
  37  4:50  Mutalisk x5  
  49  4:55  Mutalisk  
  51  5:01  Mutalisk  
  53  5:07  Mutalisk  
  53  5:12  Mutalisk  
  57  5:18  Mutalisk  
  59  5:21  Mutalisk  
  59  5:28  Mutalisk  
  61  5:33  Mutalisk  
  65  5:37  Mutalisk  
  67  5:52  Mutalisk x2  
  67  5:56  Mutalisk  
  71  6:04  Overlord  
  71  6:08  Drone x3  
  72  6:20  Zerg Flyer Weapons Level 1, Mutalisk  
  74  6:26  Mutalisk  
  76  6:39  Mutalisk  
  76  6:40  Overlord  
  76  6:45  Queen  
  76  6:52  Drone  
  76  6:53  Drone x2  
  79  7:07  Drone x4, Overlord  
  83  7:16  Mutalisk x2  
  87  7:23  Spine Crawler  
  87  7:26  Mutalisk  
  87  7:27  Mutalisk  
  90  7:34  Mutalisk  
  90  7:36  Mutalisk  
  94  7:58  Hatchery  
  89  8:02  Hatchery  
  89  8:05  Drone x3  
  91  8:06  Overseer  
  91  8:11  Overlord  
  91  8:17  Evolution Chamber  
  90  8:30  Mutalisk x4  
  90  8:32  Overlord  
  98  8:46  Zerg Melee Weapons Level 1  
  98  8:49  Zerg Flyer Weapons Level 2  
  98  8:53  Overlord  
  98  8:54  Overlord  
  98  8:55  Extractor  
  97  8:56  Extractor  
  96  9:14  Drone x4, Overlord x2  
  100  9:17  Queen  
  100  9:18  Drone  
  51  9:49  Overseer x2  
  51  9:58  Extractor  
  50  10:00  Extractor  
  50  10:14  Drone x2  
Tags
 
Add a new tag
Caveats
  • Supply blocks, unpowered buildings, or Contaminate may cause inaccurate times.
  • Supply counts are checked every 10 seconds.